 Dungeon Crawl Stone Soup version 0.20-a0-850-ge5a7832 (webtiles) character file.

121 nikopol the Firebug (level 4, -4/24 HPs)
             Began as a Deep Elf Fire Elementalist on Mar 10, 2017.
             Slain by a river rat (7 damage)
             ... in a sewer.
             The game lasted 00:13:14 (2250 turns).

nikopol the Firebug (Deep Elf Fire Elementalist)    Turns: 2250, Time: 00:13:15

Health: -4/24      AC:  3    Str:  5    XL:     4   Next: 77%
Magic:  2/11       EV: 14    Int: 21    God:
Gold:   59         SH:  0    Dex: 15    Spells: 4/10 levels left

rFire    . . .     SeeInvis .   o - +1 dagger (venom)
rCold    . . .     Gourm    .   a - +0 robe
rNeg     . . .     Faith    .   (no shield)
rPois    .         Spirit   .   (no helmet)
rElec    .         Reflect  .   (no cloak)
rCorr    .         Harm     .   i - +0 pair of gloves
MR       .....                  (no boots)
Stlth    +.........             (no amulet)
Regen    0.1/turn               (no ring)
MPRegen  0.2/turn               (no ring)

@: very slow
A: no striking features
a: no special abilities


You were in a sewer.
You were not hungry.

You visited 1 branch of the dungeon, and saw 3 of its levels.
You also visited: Sewer.

You collected 59 gold pieces.

Inventory:

Hand Weapons
 g - a +0 short sword
 o - a +1 dagger of venom (weapon)
Armour
 a - a +0 robe (worn)
 i - a +0 pair of gloves (worn)
Jewellery
 l - an uncursed ring of protection from magic {unknown}
Scrolls
 e - a scroll of teleportation
 j - a scroll of identify
 k - a scroll of magic mapping
 m - a scroll of fog {unknown}
 n - a scroll of enchant weapon {unknown}
Potions
 h - a potion of might
Books
 b - a book of Flames

   Spells                             Type                      Level
   a - Flame Tongue                   Conjuration/Fire             1
   b - Throw Flame                    Conjuration/Fire             2
   c - Conjure Flame                  Conjuration/Fire             3
   d - Inner Flame                    Hexes/Fire                   3
   e - Sticky Flame                   Conjuration/Fire             4
   f - Fireball                       Conjuration/Fire             5
Comestibles
 c - 3 bread rations
 f - a meat ration


   Skills:
 + Level 3.5 Dodging
 - Level 2.8 Stealth
 + Level 3.9 Spellcasting
 + Level 2.4 Conjurations
 + Level 4.3 Fire Magic


You had 4 spell levels left.
You knew the following spells:

 Your Spells              Type           Power        Failure   Level  Hunger
a - Flame Tongue          Conj/Fire      ###..        3%          1    None
b - Throw Flame           Conj/Fire      ###...       6%          2    #......
c - Conjure Flame         Conj/Fire      ###.....     12%         3    ###....


Dungeon Overview and Level Annotations

Branches:
Dungeon (3/15)

Altars:
Gozag
Ru

Annotations:
Sewer nikopol's ghost, novice DEFE


Message History

Nikopol's ghost is severely damaged.
Nikopol's ghost barely misses you.
A rat comes into view.
Nikopol's ghost says, "What do you have that I didn't have?"
Found a gate leading back out of this place.
Nikopol's ghost casts a spell at you. The puff of flame hits you!
* * * LOW HITPOINT WARNING * * *
A rat comes into view.
A rat and a river rat come into view.
A river rat comes into view.
The rat barely misses you. The river rat bites you.
* * * LOW HITPOINT WARNING * * *
You enter the shallow water.
Moving in this stuff is going to be slow.
A ball python comes into view.
The river rat misses you. The rat bites you.
* * * LOW HITPOINT WARNING * * *
The river rat misses you. The rat misses you. The river rat bites you!
You die...

##...≈≈≈≈≈≈≈≈
#....≈≈≈≈≈≈≈≈
#....≈≈≈≈≈≈≈≈
##...≈≈≈≈≈≈≈≈.
#....≈≈≈≈≈≈≈≈≈
#....≈≈≈≈≈≈≈≈#
#...r..≈≈≈≈≈≈#
#...r@≈≈≈≈≈≈#
#...rr≈≈≈≈≈##
##..rW≈≈≈≈≈# ##
#...r≈≈≈≈≈≈. #∩
##...≈≈≈≈≈..
#.###...≈≈≈≈≈..
#..#...≈≈≈≈≈≈≈.
#.....≈≈≈≈≈≈≈S
#......≈≈≈≈≈≈.


You could see nikopol's ghost, 2 river rats, a ball python (sleeping) and 4
rats.

Vanquished Creatures
  2 adders
  2 river rats (D:3)
  An ooze (D:1)
  4 worms
  2 leopard geckos
  An orc (D:3)
  A ball python (D:3)
  4 bats
  8 giant cockroaches
  3 hobgoblins
  8 jackals
  2 quokkas
  10 goblins
  8 kobolds
  9 rats
65 creatures vanquished.

Notes
Turn   | Place    | Note
-------+----------+-------------------------------------------
     0 | D:1      | nikopol the Deep Elf Fire Elementalist began the quest for the Orb.
     0 | D:1      | Reached XP level 1. HP: 10/10 MP: 6/6
   138 | D:1      | Reached XP level 2. HP: 15/15 MP: 1/8
   723 | D:2      | Reached XP level 3. HP: 19/19 MP: 5/9
   989 | D:2      | Found an opulent altar of Gozag.
  1134 | D:2      | Reached skill level 4 in Fire Magic
  1144 | D:2      | Learned a level 2 spell: Throw Flame
  1148 | D:2      | Learned a level 3 spell: Conjure Flame
  1236 | D:2      | Found a sacrificial altar of Ru.
  1424 | D:2      | Reached XP level 4. HP: 24/24 MP: 0/11
  2130 | D:3      | Found a glowing drain.
  2166 | Sewer    | Entered a sewer
  2226 | Sewer    | Noticed nikopol's ghost (novice DEFE)
  2250 | Sewer    | Slain by a river rat

Vault maps used:
D:1:      lightli_arrival_flooded_house
D:2:      lemuel_crystal_altar, grunt_gozag_statues
D:3:      cheibrodos_greedy_goblins, elyvilon_altar_3, portal_sewer_entry_e
Sewer:    sewer_minmay_treatment

Skill      XL: |  1  2  3 |
---------------+----------+-----
Dodging        | 3 |  3.5
Fire Magic     | 4 |  4.3
Conjurations   | 2 |  2.4
Stealth        | |  2.8
Spellcasting   | |  3.9

Action                   |  1- 3 |  4- 6 || total
-------------------------+-------+-------++-------
Melee: Dagger            |     1 |     4 ||     5
 Cast: Flame Tongue      |    70 |    36 ||   106
       Throw Flame       |     2 |    15 ||    17
  Use: Scroll            |       |     3 ||     3
 Stab: Sleeping          |     1 |       ||     1
  Eat: Chunk             |     1 |     3 ||     4
Armor: Robe              |     5 |     5 ||    10
Dodge: Dodged            |    25 |    28 ||    53
